 Dungeon Crawl Stone Soup version 0.29-a0-845-g6161e89988 (webtiles) character file.

Game seed: 11770047111148662615

24101 IdlyInterested the Carver (level 12, -1/97 HPs)
             Began as a Demonspawn Fighter on July 14, 2022.
             Slain by wingedge's ghost (3 damage)
             ... on level 11 of the Dungeon on July 15, 2022.
             The game lasted 00:52:36 (15601 turns).

IdlyInterested the Carver (Demonspawn Fighter)     Turns: 15601, Time: 00:52:38

Health: -1/97      AC: 23    Str: 17    XL:     12   Next: 77%
Magic:  0/12       EV: 12    Int: 10    God:
Gold:   189        SH: 10    Dex: 17    Spells: 11/11 levels left

rFire   + . .      SeeInvis +   G - +5 great sword
rCold   . . .      Faith    .   (shield currently unavailable)
rNeg    . . .      Spirit   +   M - +2 scale mail {rF+}
rPois   .          Reflect  .   r - +2 hat
rElec   .          Harm     .   w - +0 cloak
rCorr   .          Rampage  .   L - +1 pair of gloves
Will    .....                   n - +0 pair of boots
Stlth   ++........              l - amulet of guardian spirit
HPRegen 0.26/turn               e - ring of see invisible
MPRegen 0.26/turn               (no ring)

@: hasted, invisible, very quick
A: large bone plates 2, icemail 2, magic regeneration, condensation shield,
weakness stinger 1
a: no special abilities


You were on level 11 of the Dungeon.
You visited 2 branches of the dungeon, and saw 12 of its levels.
You also visited: Sewer.

You collected 683 gold pieces.
You spent 494 gold pieces at shops.

Inventory:

Hand Weapons
 G - a +5 great sword (weapon)
 J - a +3 short sword of speed
 Q - a +0 scimitar
Missiles
 d - a curare-tipped dart
 i - 52 poisoned darts (quivered)
 y - 15 boomerangs
 I - a throwing net
Armour
 c - a +1 buckler
 f - a +0 helmet
 n - a +0 pair of boots (worn)
 r - a +2 hat (worn)
 w - a +0 cloak (worn)
 A - a +2 robe of positive energy
 B - a +0 troll leather armour
 E - the +4 chain mail of Wariness {rF- rC+++ rCorr Str-4}
   (You found it on level 8 of the Dungeon)

   Str:       It affects your strength (-4).
   rF:        It makes you vulnerable to fire.
   rC:        It renders you almost immune to cold.
   rCorr:     It protects you from acid and corrosion.
 L - a +1 pair of gloves (worn)
 M - a +2 scale mail of fire resistance (worn)
Magical Staves
 m - a staff of cold
 o - a staff of earth
Jewellery
 e - a ring of see invisible (left hand)
 j - a ring of wizardry
 l - an amulet of guardian spirit (around neck)
 N - a ring of protection from cold
Wands
 s - a wand of roots (4)
 D - a wand of polymorph (1)
 F - a wand of charming (8)
 O - a wand of flame (10)
Scrolls
 a - a scroll of acquirement {unknown}
 g - 2 scrolls of enchant armour
 k - 7 scrolls of teleportation
 t - 2 scrolls of blinking
 K - a scroll of fear
 P - a scroll of brand weapon {unknown}
Potions
 b - a potion of resistance
 p - 5 potions of curing
 q - 5 potions of flight
 u - a potion of magic
 x - a potion of brilliance
 z - a potion of haste
 C - 2 potions of cancellation


   Skills:
 + Level 10.0 Fighting
 * Level 12.3 Long Blades
 - Level 1.0 Throwing
 - Level 3.0 Armour
 - Level 6.0 Dodging
 * Level 5.0 Stealth
 - Level 9.7 Shields
 - Level 1.0 Evocations


You had 11 spell levels left.
You didn't know any spells.
Your spell library contained the following spells:

 Spells                   Type           Power      Damage    Failure   Level
 Beastly Appendage        Tmut           0%         N/A       77%         1
 Foxfire                  Conj/Fire      0%         2x1d4     77%         1
 Magic Dart               Conj           0%         1d3       77%         1
 Blink                    Tloc           0%         N/A       88%         2
 Passwall                 Tmut/Erth      0%         N/A       88%         2
 Searing Ray              Conj           0%         2d4       88%         2
 Sublimation of Blood     Necr           0%         N/A       88%         2
 Wereblood                Tmut           0%         N/A       88%         2
 Call Canine Familiar     Summ           0%         N/A       98%         3
 Conjure Flame            Conj/Fire      0%         6-21      98%         3
 Inner Flame              Hex/Fire       0%         N/A       98%         3
 Portal Projectile        Hex/Tloc       0%         N/A       98%         3
 Cause Fear               Hex            0%         N/A       100%        4
 Flame Wave               Conj/Fire      0%         2d4       100%        4
 Fulminant Prism          Conj/Hex       0%         3d6       100%        4
 Hailstorm                Conj/Ice       0%         3d3       100%        4
 Ice Form                 Ice/Tmut       0%         N/A       100%        4
 Iskenderun's Mystic Bla  Conj/Tloc      0%         2d3       100%        4
 Leda's Liquefaction      Hex/Erth       0%         N/A       100%        4
 Blade Hands              Tmut           0%         N/A       100%        5
 Lee's Rapid Deconstruct  Erth           0%         3d5*      100%        5
 Manifold Assault         Tloc           0%         N/A       100%        5
 Simulacrum               Ice/Necr       0%         N/A       100%        6
 Statue Form              Tmut/Erth      0%         N/A       100%        6
 Dragon Form              Tmut           0%         N/A       100%        7
 Storm Form               Tmut/Air       0%         N/A       100%        7
 Summon Hydra             Summ           0%         N/A       100%        7
 Discord                  Hex            0%         N/A       100%        8
 Dragon's Call            Summ           0%         N/A       100%        9


Dungeon Overview and Level Annotations

Branches:
Dungeon (11/15)            Temple (1/1) D:5            Lair (0/6) D:10
  Sewer (visited)
    Orc: D:9-12

Altars:
Ashenzari
Cheibriados
Dithmenos
Fedhas
Gozag
Hepliaklqana
Kikubaaqudgha
Makhleb
Nemelex Xobeh
Okawaru
Qazlal
Ru
Sif Muna
Trog
Uskayaw
Vehumet
Wu Jian
Xom
Yredelemnul

Shops:
D:8 [

Annotations:
D:11 wingedge's ghost, journeyman MiBe


Innate Abilities, Weirdness & Mutations

You are mostly covered in large bone plates. (SH +6)
A meltable icy envelope protects you from harm. (AC +8)
You regenerate magic rapidly.
A meltable shield of frost defends you. (SH +4)
You have a small tail.


Message History

Wingedge's ghost hits you.
You feel much better.
Wingedge's ghost hits you but does no damage.
You hit wingedge's ghost but do no damage.
Wingedge's ghost is severely damaged.
You hit wingedge's ghost but do no damage.
Wingedge's ghost is severely damaged.
You block wingedge's ghost's attack.
You hit wingedge's ghost.
You tail-slap wingedge's ghost, but do no damage.
Wingedge's ghost is severely damaged.
The orc priest looks braver for a moment.
Wingedge's ghost screams in joy, "As in life, so in death: Kill!
Kill!!
Kill!!!"
Wingedge's ghost hits you!
You barely miss wingedge's ghost.
Wingedge's ghost is severely damaged.
Wingedge's ghost hits you but does no damage.
You completely miss wingedge's ghost.
You tail-slap wingedge's ghost, but do no damage.
Wingedge's ghost is severely damaged.
You hit wingedge's ghost but do no damage.
Wingedge's ghost is severely damaged.
Wingedge's ghost hits you!
Unknown command.
You slice wingedge's ghost!!
You tail-slap wingedge's ghost, but do no damage.
Wingedge's ghost is almost destroyed.
Wingedge's ghost hits you!
* * * LOW HITPOINT WARNING * * *
x2 You fade into invisibility!
You catch the helpless wingedge's ghost completely off-guard!
You hit wingedge's ghost.
Your tail-slap misses wingedge's ghost.
Wingedge's ghost is almost destroyed.
You block the orc warrior's attack. The orc hits you but does no damage.
You hit wingedge's ghost.
Wingedge's ghost is almost destroyed.
You block the orc warrior's attack. The orc closely misses you.
Wingedge's ghost hits you!!
* * * LOW HITPOINT WARNING * * *
You die...

# #.#
#....)........#..# # #
#.#
#######)''######..#####
# #.#
#8.............8..#...#
# #.#
#.........).......#....
# #.#
########.######<..<....
### #.# #o)# #...##.##
#.####.##########o##
#>.......
...............Woo#
#.#......
#.##############@##
#.#.###..
#.##############.#
#....##.#
#.##.............#
#..#.....
#.##.###########.#
#........ #.##.# #.#
#..#..#.# #.##.# ##.###
#.###.... #.##.# #.#..#
##.#..#.. #.##.#####
##.#.# ##.#)#.#
........)# ###.#
#.#.#.#


You could see an orc warrior (unable to see you), an orc priest (unable to see
you), wingedge's ghost (unable to see you) and 2 orcs.

Vanquished Creatures
  A boulder beetle (D:11)
  3 two-headed ogres
  The ghost of mathmaestro the Ruffian, a novice TrMo (D:6)
  A cyclops (D:11)
  A manticore (D:11)
  2 ugly things (D:9)
  An unseen horror (D:11)
  3 trolls
  A hornet (D:9)
  Grinder (D:3)
  4 wraiths
  7 wyverns
  17 yaks
  3 steam dragons
  An acid dragon (D:9)
  3 swamp worms (D:8)
  4 water moccasins (D:10)
  2 sky beasts (D:7)
  6 orc warriors
  2 ogres
  A black bear (D:5)
  2 centaurs
  2 phantoms
  5 kobold brigands
  A necrophage (D:4)
  A bullfrog (D:8)
  A gnoll sergeant (D:8)
  A scorpion (D:5)
  8 wights
  6 killer bees (D:10)
  3 gnoll boudas
  4 hounds
  2 jellies
  4 orc priests
  Crazy Yiuf (D:7)
  4 iguanas
  7 orc wizards
  19 gnolls
  14 adders
  12 river rats
  2 shadow imps (D:6)
  3 white imps
  3 ufetubi
  2 dart slugs
  36 orcs
  8 ball pythons
  11 bats
  8 endoplasms
  7 giant cockroaches
  3 goblins
  11 hobgoblins
  4 jackals (Sewer)
  8 quokkas
  6 frilled lizards
  32 kobolds
  6 rats
312 creatures vanquished.

Vanquished Creatures (collateral kills)
  2 orcs (D:11)
2 creatures vanquished.

Vanquished Creatures (others)
  An orc warrior (D:11)
  An orc (D:11)
  A bush (D:10)
  2 fungi (D:10)
  20 plants
25 creatures vanquished.

Grand Total: 339 creatures vanquished

Notes
Turn   | Place    | Note
-------+----------+-------------------------------------------
     0 | D:1      | IdlyInterested the Demonspawn Fighter began the quest for
                  | the Orb.
     0 | D:1      | Reached XP level 1. HP: 18/18 MP: 1/1
   191 | D:1      | Reached skill level 2 in Long Blades
   235 | D:1      | Gained mutation: A meltable shield of frost defends you.
                  | (SH +4) [demonic ancestry]
   235 | D:1      | Reached XP level 2. HP: 22/24 MP: 2/2
   263 | D:1      | Found a faded altar of an unknown god.
   969 | D:1      | Reached skill level 1 in Dodging
  1455 | D:2      | Gained mutation: A meltable icy envelope protects you from
                  | harm. (AC +8) [demonic ancestry]
  1455 | D:2      | Reached XP level 3. HP: 29/29 MP: 3/3
  2154 | D:2      | Reached skill level 3 in Long Blades
  2650 | D:3      | Reached XP level 4. HP: 24/35 MP: 4/4
  3188 | D:3      | Noticed Grinder
  3204 | D:3      | Killed Grinder
  3205 | D:3      | Reached skill level 4 in Long Blades
  3205 | D:3      | Reached XP level 5. HP: 20/42 MP: 3/5
  3383 | D:3      | Reached XP level 6. HP: 48/48 MP: 6/6
  3630 | D:3      | Found a radiant altar of Vehumet.
  3903 | D:4      | Found a glowing drain.
  3907 | Sewer    | Entered a sewer
  4817 | D:4      | Reached skill level 5 in Long Blades
  5134 | D:4      | Found an iron altar of Okawaru.
  5166 | D:4      | Gained mutation: A meltable icy envelope protects you from
                  | harm. (AC +8) [demonic ancestry]
  5166 | D:4      | Reached XP level 7. HP: 55/55 MP: 7/7
  5499 | D:4      | Reached skill level 5 in Fighting
  5766 | D:4      | Found a sparkling altar of Nemelex Xobeh.
  5957 | D:5      | Entered Level 5 of the Dungeon
  5971 | D:5      | Found a broken altar of Ashenzari.
  6122 | D:5      | Found a burning altar of Makhleb.
  6166 | D:5      | Reached skill level 1 in Stealth
  6356 | D:5      | Found a staircase to the Ecumenical Temple.
  6390 | D:5      | Reached skill level 6 in Long Blades
  6437 | Temple   | Entered the Ecumenical Temple
  6929 | D:5      | Reached XP level 8. HP: 63/63 MP: 8/8
  7564 | D:6      | Noticed a troll
  7586 | D:6      | Killed a troll
  7587 | D:6      | Reached skill level 7 in Long Blades
  7877 | D:6      | Found a runed translucent door.
  7878 | D:6      | Noticed mathmaestro's ghost (novice TrMo)
  7919 | D:6      | Reached skill level 1 in Throwing
  7995 | D:6      | Reached skill level 1 in Evocations
  8965 | D:6      | Killed mathmaestro's ghost
  8966 | D:6      | Reached skill level 8 in Long Blades
  8966 | D:6      | Gained mutation: You have a small tail. [demonic ancestry]
  8966 | D:6      | Reached XP level 9. HP: 46/72 MP: 5/9
  9557 | D:7      | Found a runed translucent door.
  9558 | D:7      | Noticed Crazy Yiuf
  9577 | D:7      | Killed Crazy Yiuf
  9714 | D:7      | Reached skill level 9 in Long Blades
 10013 | D:8      | Found a sacrificial altar of Ru.
 10243 | D:8      | Found a bloodstained altar of Trog.
 10248 | D:8      | Found an ornate altar of the Wu Jian Council.
 10255 | D:8      | Identified the +4 chain mail of Wariness {rF- rC+++ rCorr
                  | Str-4}
 10412 | D:8      | Found Nuiwilai's Antique Armour Shoppe.
 10453 | D:8      | Found an opulent altar of Gozag.
 10740 | D:8      | Gained mutation: You are partially covered in large bone
                  | plates. (SH +4) [demonic ancestry]
 10740 | D:8      | Reached XP level 10. HP: 71/80 MP: 10/10
 10974 | D:8      | Reached skill level 5 in Dodging
 11182 | D:8      | Bought a pair of glowing gloves for 172 gold pieces
 11182 | D:8      | Bought a glowing scale mail for 161 gold pieces
 11319 | D:8      | Bought an embroidered hat for 161 gold pieces
 11439 | D:9      | Reached skill level 10 in Long Blades
 11781 | D:9      | Found a stormy altar of Qazlal.
 11791 | D:9      | Found a shimmering altar of Xom.
 11996 | D:9      | Noticed a brown ugly thing
 12729 | D:9      | Noticed a two-headed ogre
 12748 | D:9      | Killed a two-headed ogre
 12749 | D:9      | Reached skill level 11 in Long Blades
 12750 | D:9      | Noticed a purple ugly thing
 12760 | D:9      | Killed a brown ugly thing
 12766 | D:9      | Killed a brown ugly thing
 12770 | D:9      | Gained mutation: You are mostly covered in large bone
                  | plates. (SH +6) [demonic ancestry]
 12770 | D:9      | Reached XP level 11. HP: 43/89 MP: 7/11
 12962 | D:10     | Entered Level 10 of the Dungeon
 13075 | D:10     | Found a staircase to the Lair.
 13168 | D:10     | Reached skill level 5 in Shields
 13308 | D:10     | Noticed a two-headed ogre
 13454 | D:10     | Noticed a two-headed ogre
 13456 | D:10     | Killed a two-headed ogre
 13462 | D:10     | Killed a two-headed ogre
 13669 | D:10     | Got Irug's Discursus on Shaping
 14121 | D:11     | Gained mutation: You regenerate magic rapidly. [demonic
                  | ancestry]
 14121 | D:11     | Reached XP level 12. HP: 96/96 MP: 12/12
 14248 | D:11     | Noticed wingedge's ghost (journeyman MiBe)
 14248 | D:11     | Found a runed translucent gate.
 14248 | D:11     | Found a runed translucent gate.
 14249 | D:11     | Identified the +2 chain mail "Puvy" {rCorr Stlth+}
 14317 | D:11     | Upgraded the game from 0.29-a0-841-g116ddc6ace to
                  | 0.29-a0-845-g6161e89988
 14381 | D:11     | Reached skill level 12 in Long Blades
 14638 | D:11     | Found a runed translucent gate.
 15005 | D:11     | Noticed a boulder beetle
 15040 | D:11     | Killed a boulder beetle
 15041 | D:11     | Reached skill level 10 in Fighting
 15560 | D:11     | Reached skill level 5 in Stealth
 15601 | D:11     | HP: 2/97 [wingedge's ghost (20)]
 15601 | D:11     | Slain by wingedge's ghost

Illustrated notes

Levels and vault maps discovered:
D:1:      minmay_arrival_nine_rooms, layout_rooms,
          hellmonk_ecumenical_altar_blasted, serial_co_window_serial,
          co_window_paths_b, co_window_paths_a, co_window_cross_1,
          co_window_of_opportunity_a, co_window_corner_a, co_window_broadway_c,
          co_window_broadway_c, co_window_cross_4, co_window_4corner_a,
          glass_columns_c, glass_columns_a, glass_columns_b
D:2:      layout_basic, basic_altar
D:3:      layout_basic, mainiacjoe_overflow_alcove_1, uniq_grinder
D:4:      layout_basic, nicolae_overflow_crystal_walls,
          mainiacjoe_overflow_24_doors, gup_sewer_entry_spiral
D:5:      layout_basic, evilmike_ruin_ashenzari, bloody_makhleb,
          minmay_temple_entry_overgrown
D:6:      wad_woods_tower, layout_basic, gammafunk_ghost_grave
D:7:      layout_loops_ring, lightli_orcish_oven, uniq_crazy_yiuf_cottage
D:8:      layout_basic, grunt_temple_overflow_cloverleaf,
          nicolae_gozag_seed_capital, serial_shops, nicolae_square_shop,
          worms_lemuel
D:9:      layout_layer_cave, minmay_overflow_temple_star_quad, grunt_tough_drop
D:10:     layout_loops_ring, minmay_lair_entry_grove,
          nicolae_kite_square_tiling_tiny
D:11:     layout_loops_ring, biasface_ghost_orc_armoury
Temple:   chequers_temple_sunken

Skill      XL: |  1  2  3  4  5  6  7  8  9 10 11 12 |
---------------+-------------------------------------+-----
Long Blades    | 2 3 4 5 6 8 9 11 12 | 12.3
Dodging        | 1 2 3 4 6 |  6.0
Fighting       | 4 5 7 9 10 | 10.0
Armour         | 3 |  3.0
Stealth        | 2 3 5 |  5.0
Throwing       | 1 |  1.0
Evocations     | 1 |  1.0
Shields        | 4 9 |  9.7

Action                   |  1- 3 |  4- 6 |  7- 9 | 10-12 || total
-------------------------+-------+-------+-------+-------++-------
Melee: Long sword        |   157 |   214 |   591 |   122 ||  1084
       Tailslap          |       |       |    30 |    80 ||   110
       Great sword       |       |       |       |   312 ||   312
Throw: Dart              |       |       |    14 |    35 ||    49
       Boomerang         |       |       |       |     5 ||     5
Evoke: Wand              |       |       |     6 |     5 ||    11
  Use: Scroll            |     6 |     4 |     9 |     4 ||    23
       Potion            |       |     1 |     5 |     5 ||    11
 Stab: Sleeping          |       |       |     4 |       ||     4
       Invisible         |       |       |       |     1 ||     1
Armor: Scale mail        |    81 |   110 |    15 |   133 ||   339
       Robe              |       |       |    64 |       ||    64
       Troll leather arm |       |       |    68 |       ||    68
       Chain mail        |       |       |    37 |     4 ||    41
Dodge: Dodged            |    69 |   109 |   257 |   158 ||   593
Block: Buckler           |    63 |   124 |   250 |    74 ||   511
       Other             |       |       |       |   134 ||   134

Table legend: (Time is in decaauts)
 A = Elapsed time spent in this place.
 B = Non-inter-level travel time spent in this place.
 C = Inter-level travel time spent in this place.
 D = Time resting spent in this place.
 E = Time spent auto-exploring this place.
 F = Levels seen in this place.
 G = Mean time per level.
                   A        B        C        D        E       F      G
               +--------+--------+--------+--------+--------+-----+--------+
         Total |  16078 |  14459 |   1619 |   2617 |   8012 |  13 | 1236.8 |
       Dungeon |  14801 |  13182 |   1619 |   2417 |   7394 |  11 | 1345.5 |
        Temple |    241 |    241 |      0 |      0 |    195 |   1 |  241.0 |
         Sewer |   1034 |   1034 |      0 |    200 |    422 |   1 | 1034.0 |
               +--------+--------+--------+--------+--------+-----+--------+

Top non-repeatable levels by time:
     D:9: 1690 daAuts
     D:6: 1545 daAuts
     D:4: 1372 daAuts
     D:1: 1351 daAuts
     D:5: 1342 daAuts
     D:3: 1337 daAuts
     D:8: 1317 daAuts
    D:11: 1314 daAuts
     D:2: 1278 daAuts
    D:10: 1265 daAuts
   Sewer: 1034 daAuts
     D:7: 985 daAuts
  Temple: 241 daAuts
